Map: Abyssal Reef LE

Players

Juxtapose - Winner!

  • Race: Protoss Protoss
  • Spawn Location: 11:00

A.I. 1 (Very Hard)

  • Race: Protoss Protoss
  • Spawn Location: 5:00

VOD

https://youtu.be/zYU2vGOFq2k

Description

My roll against the Very Hard Versus AI continues. Ended up in a Protoss mirror match and had fun with it.

Time

  • Played on: May 8, 2017, 7:54 p.m.
  • Length: 20:18
Show
View Real Time Build Order
Export as new Build Order

Juxtapose Protoss - Winner!

Build Orders: Oracle Opening 

Get SALT Encoding   

  12  0:01  Probe (Chrono Boost)  
  13  0:12  Probe (Chrono Boost)  
  14  0:19  Pylon  
  14  0:22  Probe (Chrono Boost)  
  15  0:37  Probe (Chrono Boost)  
  15  0:39  Gateway  
  16  0:48  Probe (Chrono Boost)  
  17  0:58  Probe (Chrono Boost)  
  18  1:08  Assimilator  
  18  1:10  Probe (Chrono Boost)  
  19  1:15  Pylon  
  19  1:21  Probe (Chrono Boost)  
  20  1:31  Probe (Chrono Boost)  
  21  1:37  Cybernetics Core  
  21  1:40  Assimilator  
  21  1:41  Zealot  
  21  1:42  Probe (Chrono Boost)  
  24  1:52  Probe (Chrono Boost)  
  25  2:00  Pylon  
  25  2:03  Probe (Chrono Boost)  
  26  2:09  Zealot  
  28  2:21  Stargate  
  28  2:22  Warp Gate  
  28  2:35  Gateway  
  28  2:49  Nexus  
  28  3:07  Oracle  
  31  3:43  Oracle  
  34  4:04  Probe (Chrono Boost)  
  34  4:05  Probe (Chrono Boost)  
  36  4:10  Adept x2  
  40  4:18  Gateway  
  40  4:19  Robotics Facility  
  40  4:49  Probe (Chrono Boost)  
  40  4:50  Probe (Chrono Boost)  
  42  4:55  Pylon  
  42  4:58  Pylon  
  43  5:00  Probe (Chrono Boost)  
  43  5:03  Probe (Chrono Boost)  
  43  5:05  Forge  
  44  5:10  Probe (Chrono Boost)  
  49  5:14  Immortal  
  49  5:17  Stalker x2  
  53  5:22  Probe (Chrono Boost)  
  53  5:23  Probe (Chrono Boost)  
  54  6:03  Immortal  
  58  6:26  Stalker x2  
  58  6:31  Protoss Ground Weapons Level 1  
  62  6:35  Probe (Chrono Boost)  
  62  6:36  Probe (Chrono Boost)  
  64  6:43  Immortal  
  64  6:45  Assimilator  
  64  6:46  Probe (Chrono Boost)  
  70  6:47  Assimilator, Probe (Chrono Boost)  
  70  7:07  Twilight Council  
  70  7:08  Pylon  
  70  7:26  Immortal  
  70  7:29  Pylon  
  74  7:33  Pylon  
  74  7:49  Probe x2 (Chrono Boost)  
  76  7:55  Stalker x2  
  81  8:06  Observer  
  81  8:15  Robotics Facility  
  81  8:19  Pylon  
  81  8:25  Protoss Ground Armor Level 1  
  85  8:27  Immortal  
  85  8:40  Stalker  
  85  8:41  Stalker  
  86  9:10  Immortal  
  90  9:18  Blink  
  94  9:31  Immortal  
  94  9:50  Immortal  
  98  9:55  Templar Archives  
  98  10:16  Protoss Ground Weapons Level 2  
  98  10:28  Adept x2  
  102  10:49  Psionic Storm  
  102  10:53  Nexus  
  102  10:54  Pylon  
  102  10:57  Pylon  
  102  10:58  Pylon  
  102  11:00  Pylon  
  102  11:04  Assimilator  
  102  11:06  Resonating Glaives  
  102  11:08  Assimilator  
  102  11:31  Warp Prism  
  104  11:33  Immortal  
  104  11:37  Adept x3  
  108  12:08  Immortal  
  90  12:12  Immortal  
  74  12:16  Protoss Ground Armor Level 2  
  70  12:25  Stalker x2  
  70  12:26  Stalker  
  76  12:47  Immortal  
  76  12:48  Photon Cannon  
  80  12:51  Photon Cannon  
  80  12:52  Immortal, Photon Cannon  
  84  12:59  Photon Cannon  
  84  13:01  Photon Cannon  
  84  13:03  Photon Cannon  
  84  13:06  Photon Cannon  
  84  13:13  Stalker  
  84  13:14  Stalker x2  
  90  13:26  Immortal  
  96  13:28  Probe x2 (Chrono Boost)  
  96  13:29  Probe (Chrono Boost)  
  96  13:31  Immortal  
  101  13:41  Charge  
  103  13:42  Mothership Core (Chrono Boost)  
  103  13:53  Stalker  
  103  13:55  Stalker x2  
  109  14:05  Immortal  
  113  14:10  Immortal  
  113  14:12  Protoss Ground Weapons Level 3  
  114  14:18  Stalker x2  
  114  14:19  Stalker  
  94  14:45  Immortal, Sentry x2  
  98  14:46  Sentry  
  98  14:49  Immortal  
  100  15:23  Zealot  
  100  15:24  Immortal, Zealot x2  
  98  15:29  Immortal  
  92  15:44  Stalker x2  
  92  15:45  Stalker  
  93  16:03  Immortal  
  97  16:08  Immortal  
  101  16:12  Stalker x2  
  101  16:13  Stalker  
  99  16:42  Immortal  
  99  16:43  Stalker x3  
  105  16:47  Immortal  
  107  17:13  Stalker x3  
  113  17:22  Immortal  
  117  17:26  Immortal  
  121  17:43  Nexus  
  117  18:01  Immortal  
  117  18:03  Stalker x3  
  127  18:18  Observer  
  128  18:49  Warp Prism  
  130  19:02  Assimilator  
  130  19:04  Assimilator  
  132  19:12  Mothership Core (Chrono Boost)  
  132  19:16  Probe (Chrono Boost)  
  133  19:22  Probe (Chrono Boost)  
  134  19:25  High Templar x3  
  134  19:27  Probe (Chrono Boost)  
  139  20:09  Zealot x2  
  139  20:10  Zealot  
Show
View Real Time Build Order
Export as new Build Order

A.I. 1 (Very Hard) Protoss 

Build Orders: Zealot Archon 

Get SALT Encoding   

  12  0:01  Probe (Chrono Boost)  
  13  0:11  Probe (Chrono Boost)  
  14  0:20  Pylon  
  14  0:22  Probe (Chrono Boost)  
  15  0:38  Probe (Chrono Boost)  
  16  0:47  Assimilator  
  16  0:49  Probe (Chrono Boost)  
  17  0:50  Gateway  
  17  0:59  Probe (Chrono Boost)  
  17  1:01  Pylon  
  18  1:10  Probe (Chrono Boost)  
  19  1:20  Probe (Chrono Boost)  
  20  1:31  Probe (Chrono Boost)  
  21  1:38  Zealot  
  21  1:42  Cybernetics Core  
  21  1:43  Probe (Chrono Boost)  
  24  1:54  Probe (Chrono Boost)  
  25  2:03  Nexus  
  25  2:13  Gateway  
  25  2:21  Pylon  
  25  2:24  Zealot  
  25  2:25  Warp Gate  
  25  2:29  Probe (Chrono Boost)  
  28  2:41  Assimilator, Probe (Chrono Boost)  
  29  2:50  Adept  
  29  2:53  Probe (Chrono Boost)  
  29  2:58  Adept  
  32  3:03  Pylon  
  32  3:05  Probe (Chrono Boost)  
  35  3:16  Adept, Probe (Chrono Boost)  
  38  3:23  Stalker  
  38  3:25  Probe (Chrono Boost)  
  41  3:29  Probe (Chrono Boost)  
  42  3:36  Probe (Chrono Boost)  
  42  3:41  Probe (Chrono Boost)  
  44  3:44  Robotics Facility  
  44  3:47  Probe (Chrono Boost)  
  45  3:50  Adept  
  45  3:52  Probe (Chrono Boost)  
  48  3:59  Probe (Chrono Boost)  
  48  4:00  Adept  
  52  4:04  Probe (Chrono Boost)  
  53  4:11  Probe (Chrono Boost), Pylon  
  53  4:15  Probe (Chrono Boost)  
  54  4:22  Probe (Chrono Boost)  
  55  4:26  Probe (Chrono Boost)  
  55  4:27  Stalker  
  55  4:31  Immortal, Pylon  
  58  4:36  Probe (Chrono Boost)  
  58  4:38  Probe (Chrono Boost)  
  64  4:39  Stalker  
  66  4:47  Probe (Chrono Boost)  
  66  4:49  Probe (Chrono Boost)  
  66  4:51  Robotics Facility  
  68  4:53  Stalker  
  70  5:04  Probe (Chrono Boost)  
  70  5:06  Probe (Chrono Boost)  
  72  5:07  Immortal  
  72  5:12  Pylon  
  76  5:16  Pylon  
  76  5:20  Stalker  
  78  5:24  Twilight Council  
  78  5:30  Assimilator, Probe (Chrono Boost), Sentry  
  81  5:39  Assimilator  
  81  5:41  Probe (Chrono Boost)  
  82  5:48  Pylon  
  82  5:49  Gateway  
  77  5:50  Probe (Chrono Boost)  
  77  5:52  Probe (Chrono Boost)  
  74  6:01  Probe (Chrono Boost)  
  74  6:03  Probe (Chrono Boost)  
  76  6:06  Templar Archives  
  76  6:09  Zealot  
  77  6:12  Probe (Chrono Boost)  
  77  6:14  Probe (Chrono Boost)  
  78  6:23  Probe (Chrono Boost)  
  78  6:25  Probe (Chrono Boost)  
  79  6:31  Stalker  
  81  6:34  Probe (Chrono Boost)  
  81  6:36  Probe (Chrono Boost), Stalker  
  85  6:43  Pylon, Stalker  
  85  6:46  Probe (Chrono Boost)  
  89  6:48  Probe (Chrono Boost)  
  89  6:52  High Templar  
  91  6:57  Probe (Chrono Boost)  
  91  6:58  High Templar  
  91  6:59  Probe (Chrono Boost)  
  91  7:00  Forge  
  95  7:05  Pylon, Stalker  
  95  7:06  Nexus  
  98  7:08  Probe (Chrono Boost)  
  98  7:09  Archon  
  98  7:14  Probe (Chrono Boost)  
  98  7:15  Observer  
  100  7:23  High Templar  
  100  7:26  High Templar  
  100  7:27  Pylon  
  104  7:30  Sentry  
  104  7:33  Pylon  
  104  7:35  Pylon  
  106  7:39  Archon  
  106  7:43  Photon Cannon  
  106  7:51  Photon Cannon  
  106  7:52  High Templar  
  106  7:53  Stalker  
  106  7:55  Photon Cannon  
  110  8:03  High Templar  
  110  8:04  Pylon  
  112  8:13  Pylon  
  112  8:15  Stalker  
  112  8:16  Pylon  
  112  8:17  Archon  
  112  8:19  Pylon  
  117  8:20  Probe x3 (Chrono Boost)  
  117  8:21  Stalker  
  119  8:30  Assimilator  
  119  8:31  Probe (Chrono Boost)  
  119  8:32  Probe x2 (Chrono Boost)  
  119  8:33  High Templar, Pylon  
  124  8:36  Forge  
  124  8:38  Assimilator  
  124  8:41  High Templar, Pylon  
  124  8:42  Probe (Chrono Boost)  
  124  8:43  Probe x2 (Chrono Boost)  
  123  8:50  Sentry  
  123  8:53  Probe (Chrono Boost)  
  123  8:54  Probe x2 (Chrono Boost)  
  122  9:03  Psionic Storm  
  122  9:04  Probe (Chrono Boost)  
  122  9:05  Probe x2 (Chrono Boost)  
  119  9:11  Photon Cannon  
  119  9:13  Protoss Ground Weapons Level 1  
  119  9:15  Photon Cannon, Probe (Chrono Boost)  
  119  9:16  Probe (Chrono Boost)  
  120  9:17  Probe (Chrono Boost), Archon  
  120  9:23  Protoss Ground Armor Level 1  
  120  9:26  Probe (Chrono Boost)  
  120  9:28  Probe x2 (Chrono Boost)  
  123  9:36  Photon Cannon  
  123  9:37  Probe (Chrono Boost)  
  125  9:39  Probe (Chrono Boost)  
  125  9:41  Probe (Chrono Boost)  
  126  9:45  Gateway  
  126  9:49  Probe (Chrono Boost)  
  126  9:51  Probe (Chrono Boost)  
  126  9:52  Probe (Chrono Boost)  
  129  9:54  Immortal  
  134  10:00  Probe (Chrono Boost)  
  134  10:02  Probe (Chrono Boost)  
  134  10:04  Probe (Chrono Boost)  
  134  10:05  Immortal  
  140  10:10  Stalker  
  140  10:12  Probe (Chrono Boost)  
  140  10:14  Probe (Chrono Boost)  
  144  10:15  Probe (Chrono Boost)  
  144  10:18  Stalker  
  144  10:20  Zealot  
  149  10:22  Blink  
  149  10:23  Probe (Chrono Boost)  
  149  10:25  Probe (Chrono Boost)  
  149  10:27  Probe (Chrono Boost)  
  152  10:32  Sentry  
  152  10:33  Observer  
  156  10:35  Probe (Chrono Boost)  
  156  10:39  Photon Cannon  
  156  10:40  Sentry  
  156  10:41  Warp Prism  
  160  10:53  Gateway  
  160  10:54  Observer  
  160  10:56  Robotics Facility  
  161  10:59  Nexus  
  161  11:06  Protoss Ground Weapons Level 2, Zealot  
  161  11:09  Zealot  
  161  11:11  Warp Prism  
  165  11:17  Photon Cannon  
  167  11:21  Pylon  
  167  11:28  Pylon  
  167  11:30  Pylon  
  167  11:36  Pylon  
  167  11:42  Immortal, Stargate  
  167  11:44  High Templar  
  167  11:46  Archon  
  173  11:50  Photon Cannon  
  173  11:52  Archon  
  173  11:54  Zealot x3  
  173  11:56  Zealot  
  143  12:12  Adept, Probe (Chrono Boost)  
  143  12:13  Probe (Chrono Boost), Zealot  
  143  12:14  High Templar  
  143  12:15  Zealot x2  
  145  12:27  Pylon  
  145  12:32  Sentry, Zealot  
  145  12:33  Adept  
  145  12:34  Stalker  
  145  12:35  Pylon  
  145  12:36  Archon  
  153  12:39  Protoss Ground Armor Level 2  
  153  12:44  High Templar  
  153  12:50  Charge, High Templar  
  157  12:52  Adept  
  157  12:53  Adept, Robotics Bay  
  161  13:00  Photon Cannon  
  161  13:01  Zealot  
  163  13:10  Zealot  
  163  13:12  Zealot  
  167  13:14  Gateway, Zealot  
  167  13:17  Forge  
  167  13:18  Nexus  
  169  13:20  Zealot  
  169  13:24  Zealot  
  173  13:29  Zealot  
  173  13:31  Zealot  
  173  13:33  Photon Cannon  
  177  13:35  Adept  
  177  13:36  Colossus  
  177  13:38  Observer Gravitic Boosters  
  177  13:39  Immortal, Disruptor  
  192  14:10  Photon Cannon  
  192  14:11  Sentry, Stalker  
  192  14:12  Stalker  
  192  14:13  Adept, Stalker  
  192  14:15  Disruptor  
  196  14:18  Zealot  
  196  14:19  Colossus  
  185  14:27  Colossus  
  185  14:30  Gravitic Drive  
  175  14:31  Zealot  
  175  14:32  Zealot  
  175  14:33  Zealot  
  175  14:35  Zealot x2  
  175  14:36  Zealot  
  161  14:38  Pylon  
  135  14:49  Immortal  
  135  14:50  Zealot  
  135  14:51  Zealot  
  139  14:52  Zealot  
  139  14:53  Stalker  
  139  14:54  Sentry  
  139  14:56  Stalker  
  147  15:05  Photon Cannon  
  147  15:09  Zealot, Stalker  
  147  15:11  Immortal, Zealot  
  147  15:12  Pylon  
  155  15:15  Adept  
  155  15:16  Zealot  
  155  15:17  Zealot  
  145  15:27  Stalker  
  127  15:29  Adept  
  127  15:30  Zealot  
  127  15:34  Zealot  
  127  15:35  Sentry  
  111  15:36  Adept  
  111  15:38  Colossus  
  109  15:47  Immortal, Zealot  
  109  15:48  Sentry, Zealot  
  93  15:53  Stalker  
  93  15:54  Sentry  
  93  15:56  Adept  
  97  15:58  Probe (Chrono Boost)  
  97  16:00  Probe (Chrono Boost)  
  97  16:01  Probe (Chrono Boost)  
  91  16:06  Zealot  
  91  16:07  Zealot  
  91  16:09  Stalker  
  92  16:14  Zealot  
  92  16:15  Adept  
  92  16:16  Probe (Chrono Boost), Stalker  
  98  16:24  Stalker  
  98  16:25  Probe (Chrono Boost)  
  96  16:26  Probe (Chrono Boost)  
  96  16:29  Zealot  
  96  16:31  Pylon  
  87  16:34  Stalker  
  87  16:37  Zealot  
  90  16:42  Stalker  
  90  16:46  Stalker  
  74  16:51  Stalker  
  72  16:55  Stalker  
  72  17:00  Stalker  
  76  17:02  Sentry  
  76  17:05  Zealot  
  76  17:08  Adept  
  70  17:13  Stalker  
  62  17:17  Zealot  
  62  17:20  Stalker  
  66  17:25  Stalker  
  66  17:29  Zealot  
  66  17:34  Nexus, Stalker  
  65  17:37  Sentry  
  58  17:49  Pylon  
  12  18:30  Probe (Chrono Boost)  
  5  18:41  Probe (Chrono Boost)  
  5  18:51  Probe (Chrono Boost)  
Tags
 
Composition
Zealot Archon
Matchup
PvP
Spawn Locations
Cross Positions
Add a new tag
Caveats
  • Supply blocks, unpowered buildings, or Contaminate may cause inaccurate times.
  • Supply counts are checked every 10 seconds.